Map: Frozen Temple

Players

Womec - Winner!

  • Race: Terran Terran
  • League: Master

MichaelZC

  • Race: Protoss Protoss
  • League: Diamond

VOD

Have the link to the VOD?

Description

Time

  • Played on: April 15, 2016, 1:46 a.m.
  • Length: 17:25
Show
View Real Time Build Order
Export as new Build Order

Womec Terran - Winner!

Build Orders: Mech 

Get SALT Encoding   

  12  0:00  SCV  
  13  0:12  SCV  
  14  0:17  Supply Depot  
  14  0:24  SCV  
  15  0:39  SCV  
  15  0:41  Barracks  
  16  0:51  SCV  
  17  1:03  Supply Depot, SCV  
  18  1:24  Command Center  
  18  1:36  Orbital Command  
  18  1:37  Marine  
  19  1:52  Refinery  
  19  1:54  Marine  
  19  1:55  Refinery  
  20  2:02  SCV  
  21  2:12  Marine  
  22  2:20  SCV  
  23  2:29  Bunker  
  23  2:31  Marine  
  23  2:33  SCV  
  23  2:36  Orbital Command  
  25  2:40  Factory  
  25  2:45  SCV  
  26  2:54  Orbital Command  
  26  2:58  SCV  
  27  3:01  Barracks Reactor  
  27  3:02  Engineering Bay  
  27  3:10  SCV  
  28  3:20  SCV  
  28  3:22  SCV  
  28  3:25  Factory  
  30  3:35  Missile Turret  
  30  3:37  Missile Turret  
  30  3:39  SCV  
  30  3:40  SCV  
  32  3:43  Missile Turret, Barracks Reactor, Widow Mine  
  32  3:46  Widow Mine  
  36  3:51  SCV  
  36  3:52  SCV  
  38  4:03  SCV  
  38  4:04  SCV  
  40  4:12  Widow Mine, Factory Tech Lab  
  40  4:13  Supply Depot  
  40  4:14  Widow Mine  
  40  4:15  SCV  
  45  4:24  Factory  
  42  4:27  SCV  
  42  4:28  SCV  
  44  4:35  Siege Tank  
  44  4:38  Supply Depot  
  47  4:39  SCV  
  47  4:40  SCV  
  47  4:41  Widow Mine  
  47  4:43  Widow Mine  
  53  4:51  SCV, Refinery  
  53  4:52  Refinery  
  54  4:59  SCV  
  55  5:01  Supply Depot, Armory  
  55  5:03  SCV  
  56  5:12  SCV  
  57  5:15  SCV  
  57  5:16  Siege Tank  
  61  5:23  Hellion x2, Supply Depot  
  61  5:24  SCV  
  61  5:25  Widow Mine  
  61  5:26  Widow Mine  
  70  5:36  Supply Depot  
  70  5:45  Widow Mine x2, SCV x2  
  76  5:55  Drilling Claws  
  76  5:57  SCV x2  
  76  5:58  Siege Tank  
  76  5:59  Widow Mine  
  76  6:00  Widow Mine  
  85  6:09  SCV  
  86  6:14  Command Center  
  86  6:25  Widow Mine  
  86  6:36  Widow Mine  
  86  6:40  Starport  
  86  6:41  Widow Mine  
  86  6:51  Widow Mine  
  86  6:55  Barracks Reactor  
  86  7:00  Supply Depot, SCV x2  
  86  7:01  Supply Depot  
  86  7:02  Supply Depot  
  84  7:15  Widow Mine  
  84  7:21  Widow Mine, Medivac, Siege Tank  
  93  7:38  Widow Mine x2  
  93  7:39  Orbital Command  
  76  7:52  Widow Mine x2  
  76  7:54  Siege Tank  
  79  7:59  Factory  
  79  8:00  Factory  
  79  8:01  Missile Turret  
  79  8:04  Supply Depot  
  79  8:05  Supply Depot  
  79  8:11  Medivac  
  79  8:12  Medivac  
  83  8:14  Widow Mine x2  
  87  8:20  Missile Turret  
  87  8:21  Terran Vehicle And Ship Armor Level 1  
  87  8:24  Missile Turret  
  87  8:30  Missile Turret  
  87  8:31  Widow Mine  
  87  8:32  Widow Mine, Siege Tank  
  87  8:33  Supply Depot  
  94  8:35  SCV x3  
  94  8:38  Supply Depot  
  94  8:40  Orbital Command  
  89  8:48  Widow Mine, Liberator x2  
  89  8:49  Widow Mine  
  89  8:50  Factory Tech Lab x2  
  91  9:03  Widow Mine  
  91  9:04  Widow Mine  
  91  9:08  SCV x3  
  103  9:18  Missile Turret  
  103  9:19  Widow Mine x4, Siege Tank  
  103  9:21  Missile Turret  
  103  9:22  SCV x3  
  117  9:24  Missile Turret  
  117  9:34  Widow Mine  
  117  9:37  Refinery x2  
  119  9:38  Missile Turret  
  119  9:48  Siege Tank  
  120  9:58  Widow Mine x2  
  120  9:59  Siege Tank  
  127  10:06  Widow Mine x2, Siege Tank  
  134  10:10  Missile Turret  
  134  10:15  Command Center  
  134  10:20  Siege Tank  
  137  10:26  Widow Mine  
  137  10:27  Widow Mine  
  135  10:32  Supply Depot x2  
  135  10:33  Siege Tank, Supply Depot x2  
  135  10:34  Widow Mine x2  
  142  10:49  Widow Mine  
  140  10:53  Siege Tank  
  140  10:55  Widow Mine  
  147  10:57  Supply Depot  
  147  10:58  Widow Mine  
  147  11:00  Supply Depot  
  147  11:01  Supply Depot, Infernal Pre-Igniter  
  147  11:03  Hellion  
  147  11:04  Hellion  
  153  11:05  Siege Tank  
  154  11:19  Hellion  
  154  11:23  Command Center, SCV x3  
  154  11:24  Hellion  
  154  11:25  Hellion x3  
  160  11:46  Widow Mine x4  
  160  11:47  Siege Tank x3  
  172  12:07  Missile Turret  
  172  12:08  Refinery  
  172  12:10  Refinery  
  172  12:15  Widow Mine x2  
  176  12:19  Siege Tank x2  
  180  12:27  Widow Mine x2, Siege Tank  
  187  12:31  Planetary Fortress  
  187  12:51  Thor x2  
  200  13:34  Planetary Fortress  
  200  13:38  Thor x2  
  200  13:39  Hellbat  
  171  14:13  Widow Mine  
  171  14:14  Widow Mine x2, Siege Tank  
  176  14:17  Refinery x2  
  176  14:20  Missile Turret  
  176  14:21  Siege Tank x2  
  180  14:40  Hellbat, Terran Vehicle And Ship Armor Level 2  
  180  14:43  Hellbat  
  184  14:46  Thor  
  190  14:53  Thor  
  194  15:14  Thor  
  200  15:37  Starport  
  200  15:39  Starport  
  200  15:40  Fusion Core, Starport  
  190  16:00  Missile Turret  
  190  16:02  Missile Turret  
  190  16:03  Missile Turret  
  190  16:19  Starport Tech Lab x3  
  190  16:23  Sensor Tower  
  193  16:55  Missile Turret  
  193  17:04  Missile Turret  
  193  17:13  Missile Turret  
Show
View Real Time Build Order
Export as new Build Order

MichaelZC Protoss 

Build Orders: 1 Gate Expand, Oracle Opening, Phoenix Opening 

Get SALT Encoding   

  12  0:01  Probe (Chrono Boost)  
  13  0:12  Probe (Chrono Boost)  
  14  0:17  Pylon  
  14  0:22  Probe (Chrono Boost)  
  15  0:36  Probe (Chrono Boost)  
  15  0:38  Gateway  
  16  0:46  Probe (Chrono Boost)  
  16  0:47  Assimilator  
  18  0:57  Probe (Chrono Boost)  
  18  1:07  Probe (Chrono Boost)  
  19  1:19  Probe (Chrono Boost)  
  20  1:29  Nexus  
  20  1:31  Probe (Chrono Boost)  
  21  1:41  Cybernetics Core  
  21  1:46  Probe (Chrono Boost)  
  22  1:54  Assimilator  
  22  1:57  Probe (Chrono Boost)  
  22  2:01  Pylon  
  23  2:19  Stargate, Probe (Chrono Boost)  
  23  2:22  Warp Gate (Chrono Boost)  
  24  2:27  Adept (Chrono Boost)  
  24  2:29  Probe  
  27  2:41  Probe x2  
  29  2:50  Assimilator  
  29  2:51  Probe  
  29  2:54  Mothership Core  
  32  3:02  Probe  
  33  3:12  Oracle (Chrono Boost)  
  33  3:14  Probe  
  33  3:15  Probe  
  38  3:22  Assimilator  
  38  3:24  Probe  
  39  3:27  Probe  
  40  3:35  Probe  
  40  3:39  Probe  
  40  3:40  Stalker  
  44  3:44  Phoenix (Chrono Boost)  
  44  3:45  Pylon  
  46  3:56  Twilight Council  
  46  4:01  Probe  
  46  4:03  Probe  
  46  4:05  Pylon  
  46  4:08  Gateway  
  48  4:12  Probe  
  48  4:15  Probe  
  50  4:23  Probe  
  47  4:27  Phoenix (Chrono Boost), Probe  
  51  4:34  Probe  
  51  4:35  Resonating Glaives (Chrono Boost)  
  51  4:36  Gateway  
  52  4:39  Probe  
  52  4:43  Pylon  
  53  4:46  Probe  
  53  4:51  Probe  
  55  4:58  Probe  
  56  5:04  Probe  
  57  5:10  Probe  
  57  5:12  Stalker  
  57  5:13  Stalker  
  62  5:14  Phoenix  
  62  5:16  Probe  
  65  5:22  Probe  
  65  5:28  Probe  
  67  5:33  Nexus  
  67  5:35  Probe  
  68  5:36  Phoenix  
  68  5:38  Pylon  
  70  5:47  Pylon  
  70  5:54  Pylon  
  70  5:56  Probe x2  
  72  5:59  Adept, Robotics Facility  
  72  6:00  Adept x2  
  77  6:11  Probe x2  
  77  6:17  Assimilator  
  79  6:20  Assimilator  
  79  6:22  Pylon  
  79  6:23  Probe x2  
  81  6:30  Pylon  
  81  6:31  Adept x3  
  87  6:35  Probe  
  87  6:39  Pylon  
  88  6:46  Observer (Chrono Boost)  
  89  6:56  Probe x2  
  91  7:06  Immortal (Chrono Boost)  
  91  7:07  Adept x3  
  101  7:20  Probe  
  101  7:21  Pylon x2  
  102  7:27  Gateway  
  102  7:29  Robotics Facility  
  102  7:30  Probe  
  78  7:52  Probe  
  78  7:54  Probe x2  
  78  7:58  Pylon, Observer (Chrono Boost)  
  82  8:01  Pylon  
  82  8:03  Probe  
  83  8:06  Probe x2  
  83  8:07  Blink  
  85  8:13  Probe  
  85  8:18  Gateway, Probe x2  
  88  8:21  Pylon  
  88  8:23  Stalker x4  
  88  8:24  Probe  
  97  8:27  Forge  
  97  8:28  Forge  
  97  8:30  Probe x2  
  97  8:32  Immortal (Chrono Boost)  
  107  8:35  Probe  
  107  8:37  Immortal (Chrono Boost)  
  108  8:42  Probe x2  
  108  8:45  Probe  
  108  8:55  Stalker  
  108  8:56  Stalker x2  
  114  9:06  Nexus  
  114  9:10  Pylon  
  114  9:12  Assimilator  
  114  9:14  Assimilator, Immortal (Chrono Boost)  
  114  9:15  Immortal (Chrono Boost)  
  114  9:17  Sentry  
  124  9:21  Protoss Ground Armor Level 1 (Chrono Boost)  
  124  9:22  Protoss Ground Weapons Level 1 (Chrono Boost)  
  124  9:27  Gateway  
  124  9:28  Photon Cannon  
  124  9:30  Gateway  
  124  9:31  Photon Cannon  
  124  9:32  Probe x2  
  124  9:33  Probe  
  124  9:35  Photon Cannon  
  127  9:44  Probe  
  118  9:48  Probe  
  118  9:49  Probe  
  111  9:56  Probe  
  111  9:58  Probe  
  100  10:01  Probe  
  100  10:02  Immortal x2  
  110  10:10  Probe  
  110  10:12  Probe  
  112  10:19  Photon Cannon  
  112  10:21  Photon Cannon  
  106  10:25  Probe x2  
  106  10:27  Probe x2  
  106  10:36  Probe x2  
  106  10:39  Probe x2  
  106  10:52  Observer x2  
  106  10:55  Probe (Chrono Boost)  
  109  11:03  Robotics Bay  
  110  11:05  Probe x2 (Chrono Boost)  
  110  11:06  Pylon  
  110  11:07  Pylon  
  111  11:16  Probe (Chrono Boost)  
  112  11:23  Probe x2 (Chrono Boost)  
  112  11:24  Probe (Chrono Boost)  
  115  11:27  Probe (Chrono Boost)  
  116  11:33  Probe (Chrono Boost)  
  116  11:34  Probe (Chrono Boost)  
  116  11:36  Probe (Chrono Boost)  
  116  11:37  Probe (Chrono Boost)  
  106  11:44  Probe x2 (Chrono Boost)  
  97  11:48  Stalker x4, Probe (Chrono Boost)  
  97  11:49  Stalker, Probe (Chrono Boost)  
  108  11:54  Probe (Chrono Boost)  
  108  11:55  Probe (Chrono Boost)  
  108  11:58  Probe (Chrono Boost)  
  100  12:03  Void Ray (Chrono Boost), Probe (Chrono Boost)  
  102  12:09  Stargate  
  95  12:24  Nexus  
  95  12:25  Probe  
  95  12:27  Pylon  
  93  12:35  Probe  
  92  12:41  Immortal x2  
  99  12:45  Probe  
  99  12:46  Probe  
  99  12:47  Probe  
  102  12:56  Probe x2  
  104  12:59  Probe  
  104  13:00  Stalker x2  
  105  13:17  Stalker x3  
  94  13:26  Void Ray (Chrono Boost)  
  93  13:31  Probe x2  
  93  13:32  Probe  
  85  13:35  Probe  
  85  13:36  Assimilator  
  85  13:38  Assimilator  
  86  13:41  Probe  
  71  14:04  Colossus x2 (Chrono Boost)  
  70  14:19  Stalker x4  
  70  14:20  Stalker x2  
  70  14:24  Probe  
  80  14:34  Probe  
  81  14:45  Sentry x2, Probe  
  81  14:46  Sentry  
  90  14:52  Observer x2 (Chrono Boost)  
  90  14:55  Probe  
  90  14:57  Fleet Beacon  
  91  15:00  Probe x2  
  91  15:06  Probe  
  93  15:11  Observer (Chrono Boost)  
  93  15:12  Probe x2  
  97  15:16  Probe  
  98  15:22  Nexus  
  98  15:25  Probe x2  
  100  15:37  Stalker x3  
  100  15:38  Stalker  
  82  15:54  Immortal x2 (Chrono Boost)  
  86  16:04  Assimilator  
  86  16:13  Sentry x3  
  92  16:36  Nexus  
  101  17:08  Probe  
  101  17:10  Probe  
  101  17:15  Assimilator  
Tags
 
Add a new tag
Caveats
  • Supply blocks, unpowered buildings, or Contaminate may cause inaccurate times.
  • Supply counts are checked every 10 seconds.